 Dungeon Crawl Stone Soup version 0.23.0 (webtiles) character file.

Game seed: 12640105008323042163

481 teukkam the Covered (level 6, -5/56 HPs)
             Began as a Minotaur Fighter on Feb 5, 2019.
             Slain by a yak (14 damage)
             ... on level 5 of the Dungeon on Feb 8, 2019.
             The game lasted 00:08:53 (1461 turns).

teukkam the Covered (Minotaur Fighter)              Turns: 1461, Time: 00:08:55

Health: -5/56      AC:  7    Str: 23    XL:     6   Next: 87%
Magic:  0/5        EV:  8    Int:  5    God:
Gold:   166        SH: 10    Dex:  9    Spells: 5/5 levels left

rFire    . . .     SeeInvis .   a - +0 war axe
rCold    . . .     Gourm    .   l - +0 shield
rNeg     . . .     Faith    .   b - +0 scale mail
rPois    .         Spirit   +   (helmet restricted)
rElec    .         Reflect  .   (no cloak)
rCorr    .         Harm     .   (no gloves)
MR       .....                  (no boots)
Stlth    ..........             o - amulet of guardian spirit
HPRegen  0.18/turn              (no ring)
MPRegen  0.09/turn              (no ring)

@: no status effects
A: retaliatory headbutt, horns 2
a: no special abilities


You were on level 5 of the Dungeon.
You were not hungry.

You visited 1 branch of the dungeon, and saw 6 of its levels.

You collected 166 gold pieces.

Inventory:

Hand Weapons
 a - a +0 war axe (weapon)
 c - a +1 flail of crushing
 m - a +0 shortbow
Missiles
 h - 40 stones (quivered)
 n - 26 arrows
Armour
 b - a +0 scale mail (worn)
 l - a +0 shield (worn)
Jewellery
 o - an amulet of guardian spirit (around neck)
Scrolls
 i - a scroll of identify {unknown}
 j - 2 scrolls of fear {unknown}
 k - a scroll of blinking {unknown}
Potions
 d - 2 potions of might
 e - 2 potions of degeneration {unknown}
 g - a potion of flight {unknown}
Comestibles
 f - 4 rations
 p - a chunk of flesh


   Skills:
 + Level 5.6 Fighting
 + Level 4.8 Axes
 + Level 5.7 Armour
 + Level 5.6 Shields


You had 5 spell levels left.
You didn't know any spells.
Your spell library was empty.

Dungeon Overview and Level Annotations

Branches:
Dungeon (6/15)
 Temple: D:4-7

Altars:
Dithmenos
Qazlal

Annotations:
D:3 2 transporters, Killmatronix's ghost, amateur DgWn


Innate Abilities, Weirdness & Mutations

You reflexively headbutt those who attack you in melee.
You have a pair of horns on your head.


Message History

The yak is moderately wounded.
You slash the yak! x3; You hit the yak but do no damage.
You closely miss the yak. You block the yak's attack.
The yak closely misses you. The yak gores you! You block the yak's attack.
The yak barely misses you. You furiously retaliate!
You headbutt the yak, but do no damage. The yak gores you!
You block the yak's attack.
You barely miss the yak.
The yak is moderately wounded.
You hit the yak but do no damage. You barely miss the yak. You slash the yak!
You hit the yak. You hit the yak but do no damage. The yak gores you!
The yak barely misses you. You block the yak's attack. x2
The yak barely misses you. x2
You hit the yak but do no damage.
The yak is moderately wounded.
You barely miss the yak. You hit the yak. You slash the yak!
You hit the yak. x2
You block the yak's attack. The yak gores you!
* * * LOW HITPOINT WARNING * * *
The yak gores you!
You die... ............# ............# ............# ......Y.....# ....Z.......# ........... ..... . ... #YYY#

#.#.# . ... #Y@Y# ...#.. #.#
#.Y.# ######..#.. #.###...###
#......... ##.#.......#
#.##....##
#....#####.#.#.##.....#
##########...[#####.#.#.###..>.##
...............#.. #.#.#...#....
.............#.#.# #.#.#.###....
...............#.## #.#.#.###.#.#


You could see 6 yaks, an ice beast and a quokka skeleton.

Vanquished Creatures
  2 centaurs (D:5)
  A bullfrog (D:4)
  A bullfrog skeleton (D:4)
  2 hounds (D:4)
  An orc wizard (D:4)
  2 worker ants (D:4)
  A hound zombie (D:5)
  4 adders
  A worm (D:4)
  10 orcs
  2 giant cockroaches
  A goblin (D:1)
  4 hobgoblins (D:3)
  3 jackals
  2 ball pythons
  3 bats (D:3)
  6 kobolds
  2 rats (D:3)
48 creatures vanquished.

Notes
Turn   | Place    | Note
-------+----------+-------------------------------------------
     0 | D:1      | teukkam the Minotaur Fighter began the quest for the Orb.
     0 | D:1      | Reached XP level 1. HP: 19/19 MP: 0/0
   110 | D:3      | Reached XP level 2. HP: 14/27 MP: 1/1
   333 | D:3      | Found a transporter.
   359 | D:3      | Noticed a centaur
   359 | D:3      | Noticed Killmatronix's ghost (amateur DgWn)
   370 | D:3      | Reached XP level 3. HP: 33/33 MP: 2/2
   472 | D:3      | Upgraded the game from 0.23-b1-67-g8bd44de to 0.23.0
   555 | D:3      | Found a transporter.
   735 | D:4      | Reached XP level 4. HP: 35/41 MP: 3/3
   799 | D:4      | Noticed a bullfrog
   805 | D:4      | Killed a bullfrog
   805 | D:4      | Reached XP level 5. HP: 16/47 MP: 4/4
  1068 | D:4      | Reached skill level 5 in Fighting
  1068 | D:4      | Reached skill level 5 in Armour
  1068 | D:4      | Reached skill level 5 in Shields
  1122 | D:4      | Reached XP level 6. HP: 56/56 MP: 5/5
  1136 | D:4      | Found a shadowy altar of Dithmenos.
  1236 | D:4      | Found a stormy altar of Qazlal.
  1271 | D:5      | Entered Level 5 of the Dungeon
  1454 | D:5      | Noticed a yak
  1454 | D:5      | Noticed a yak
  1454 | D:5      | Noticed a yak
  1455 | D:5      | Noticed a yak
  1455 | D:5      | Noticed a yak
  1455 | D:5      | Noticed a yak
  1458 | D:5      | Noticed an ice beast
  1461 | D:5      | Slain by a yak

Skill      XL: |  1  2  3  4  5 |
---------------+----------------+-----
Fighting       | 4 5 |  5.6
Armour         | 4 5 |  5.7
Shields        | 4 5 |  5.6
Axes           | 3 4 |  4.8

Action                   |  1- 3 |  4- 6 || total
-------------------------+-------+-------++-------
Melee: War axe           |    75 |    67 ||   142
       Headbutt          |     8 |    18 ||    26
  Use: Scroll            |       |     1 ||     1
  Eat: Chunk             |       |     1 ||     1
       Ration            |       |     1 ||     1
Armor: Scale mail        |    40 |    27 ||    67
Dodge: Dodged            |    30 |    20 ||    50
Block: Shield            |    64 |    51 ||   115
